Map: Glittering Ashes LE

Players

RickRipper - Winner!

  • Race: Zerg Zerg
  • League: Gold

Yocto

  • Race: Zerg Zerg
  • League: Diamond

VOD

Have the link to the VOD?

Description

Time

  • Played on: April 25, 2022, 6:44 a.m.
  • Length: 9:55
Show
View Real Time Build Order
Export as new Build Order

RickRipper Zerg - Winner!

Build Orders: Pool First 

Get SALT Encoding   

  12  0:00  Drone  
  13  0:08  Drone  
  14  0:16  Overlord  
  14  0:34  Spawning Pool  
  13  0:36  Drone  
  13  0:40  Drone  
  15  0:44  Drone  
  15  0:49  Drone  
  17  1:12  Hatchery  
  16  1:20  Zergling x4  
  16  1:21  Zergling x2  
  19  1:28  Extractor  
  19  1:31  Drone  
  19  1:42  Overlord  
  19  1:51  Queen  
  19  1:53  Overlord  
  21  2:05  Drone  
  22  2:17  Drone  
  23  2:24  Drone  
  25  2:30  Drone  
  25  2:34  Metabolic Boost  
  25  2:40  Drone x2  
  27  2:46  Drone  
  27  2:47  Drone  
  29  2:51  Extractor  
  29  2:57  Drone  
  29  2:58  Drone  
  30  3:08  Drone x2  
  30  3:09  Hatchery  
  31  3:18  Drone  
  32  3:20  Drone, Baneling Nest  
  32  3:23  Drone  
  32  3:24  Drone  
  34  3:27  Drone  
  34  3:30  Drone  
  36  3:36  Drone  
  36  3:39  Drone  
  38  3:44  Drone  
  39  3:49  Drone  
  39  3:50  Drone x2  
  39  3:51  Drone  
  43  3:59  Drone  
  43  4:00  Lair  
  44  4:08  Overlord x2  
  44  4:20  Evolution Chamber  
  44  4:22  Roach Warren, Evolution Chamber  
  44  4:23  Drone x3  
  44  4:24  Drone  
  43  4:31  Zergling x2  
  44  4:33  Zergling x4  
  46  4:39  Drone x3  
  46  4:43  Extractor  
  47  4:45  Zergling x2  
  47  4:46  Zergling x4  
  49  4:54  Zergling x2  
  49  4:55  Zergling x2  
  49  4:58  Baneling x2  
  49  4:59  Zergling x2  
  52  5:00  Queen  
  52  5:02  Queen  
  56  5:10  Drone x2  
  56  5:11  Drone  
  59  5:16  Baneling x2  
  59  5:17  Baneling x5  
  59  5:19  Drone x3  
  59  5:20  Drone  
  63  5:29  Drone x2  
  63  5:33  Spire  
  63  5:34  Drone  
  65  5:36  Drone  
  66  5:46  Overlord  
  66  5:56  Overlord x3  
  66  5:59  Overlord x3  
  66  6:00  Overlord x2  
  66  6:09  Zergling x2  
  66  6:10  Zergling x2  
  67  6:15  Zergling x4  
  65  6:20  Zergling x2  
  65  6:22  Zergling x2  
  65  6:25  Zergling x2  
  64  6:26  Zergling x2  
  65  6:41  Zergling x2, Hatchery  
  65  6:42  Roach x2  
  65  6:43  Roach x3  
  75  6:52  Drone  
  75  6:53  Drone x2  
  78  6:59  Extractor  
  78  7:01  Mutalisk x2, Roach  
  83  7:09  Zergling x2  
  83  7:10  Zergling x6  
  83  7:12  Zergling x2  
  85  7:18  Zergling x10  
  85  7:19  Zergling x4  
  87  7:30  Mutalisk  
  87  7:31  Mutalisk x2  
  93  7:39  Mutalisk  
  93  7:40  Mutalisk x2  
  99  7:48  Roach  
  101  7:52  Hatchery  
  101  7:53  Roach x2  
  101  7:57  Mutalisk x2  
  105  8:07  Mutalisk, Roach  
  105  8:14  Zergling x6, Roach x3  
  105  8:15  Zergling x2, Roach  
  101  8:21  Zergling x6, Roach  
  101  8:25  Zergling x2  
  101  8:26  Zergling x2, Mutalisk  
  106  8:29  Zergling x2  
  103  8:38  Mutalisk  
  103  8:40  Drone  
  103  8:41  Drone x2  
  108  8:50  Roach x3  
  108  8:52  Drone  
  115  9:02  Mutalisk  
  113  9:03  Roach x2  
  113  9:04  Zergling x2  
  113  9:06  Zergling x2  
  113  9:09  Mutalisk  
  113  9:10  Zergling x2, Roach  
  113  9:11  Hatchery  
  113  9:15  Zergling x4  
  115  9:18  Zergling x4, Roach x3  
  115  9:19  Zergling x2, Roach  
  115  9:24  Zergling x6, Roach  
  120  9:25  Zergling x2  
  122  9:35  Zergling x2  
  122  9:36  Zergling x6  
Show
View Real Time Build Order
Export as new Build Order

Yocto Zerg 

Build Orders: Hatch First 

Get SALT Encoding   

  12  0:00  Drone  
  13  0:13  Overlord  
  13  0:17  Drone  
  14  0:35  Drone x2  
  16  0:49  Hatchery  
  15  0:54  Drone  
  16  1:09  Spawning Pool  
  16  1:11  Drone, Extractor  
  14  1:15  Drone  
  16  1:22  Drone  
  16  1:25  Drone  
  18  1:34  Drone  
  19  1:45  Overlord  
  19  1:56  Queen  
  19  1:58  Zergling x2  
  19  2:01  Queen  
  22  2:03  Zergling x2  
  22  2:06  Zergling x2  
  26  2:13  Baneling Nest, Zergling x2  
  26  2:17  Zergling x2  
  27  2:46  Metabolic Boost  
  27  2:48  Drone x3  
  30  2:57  Baneling x2  
  30  3:08  Baneling  
  30  3:18  Queen  
  32  3:28  Overlord  
  32  3:31  Spine Crawler  
  32  3:34  Drone x3  
  32  3:38  Baneling x2  
  32  3:41  Queen  
  34  3:45  Overlord  
  36  4:00  Drone  
  36  4:01  Drone x4  
  40  4:31  Drone x6  
  43  4:32  Drone x5  
  43  4:36  Overlord x2  
  51  4:52  Overlord x3  
  51  5:01  Extractor  
  50  5:07  Extractor  
  50  5:11  Evolution Chamber  
  48  5:21  Evolution Chamber, Hatchery  
  48  5:22  Roach Warren  
  48  5:25  Zergling x8  
  48  5:26  Zergling x4  
  51  5:37  Lair  
  51  5:55  Zergling x14  
  51  5:56  Zergling x2  
  58  6:04  Baneling  
  58  6:14  Baneling x5  
  55  6:21  Roach x2  
  55  6:22  Roach x4  
  60  6:32  Extractor  
  60  6:35  Zerg Missile Weapons Level 1  
  60  6:37  Drone x2  
  60  6:38  Drone x3  
  64  6:43  Queen, Baneling  
  64  6:46  Overlord  
  66  6:57  Baneling x2  
  66  7:05  Drone x5  
  66  7:06  Drone x3  
  71  7:24  Roach  
  71  7:25  Roach x6  
  71  7:26  Roach  
  86  8:06  Hydralisk Den  
  82  8:15  Roach  
  82  8:16  Roach x5  
  82  8:19  Spore Crawler  
  85  8:21  Spore Crawler  
  85  8:22  Spore Crawler, Queen  
  71  8:39  Roach x5  
  71  8:40  Roach x2  
  71  8:41  Queen  
  77  8:44  Hydralisk x4  
  77  8:45  Hydralisk  
  87  9:03  Hydralisk  
  87  9:04  Hydralisk  
  85  9:12  Hydralisk x3  
  79  9:23  Hydralisk x2  
Tags
 
Add a new tag
Caveats
  • Supply blocks, unpowered buildings, or Contaminate may cause inaccurate times.
  • Supply counts are checked every 10 seconds.